 Dungeon Crawl Stone Soup version 0.28-a0-413-gde365fb1df (webtiles) character file.

Game seed: 17905228073478428656

23 Tocho the Ducker (level 2, -5/22 HPs)
             Began as a Vampire Gladiator on Sept 7, 2021.
             Slain by Crazy Yiuf (9 damage)
             ... on level 2 of the Dungeon.
             The game lasted 00:02:02 (1245 turns).

Tocho the Ducker (Vampire Gladiator)                Turns: 1245, Time: 00:02:03

Health: -5/22      AC:  4    Str: 13    XL:     2   Next: 75%
Magic:  2/2        EV: 13    Int: 10    God:
Gold:   84         SH:  0    Dex: 15    Spells: 1/1 levels left

rFire   . . .      SeeInvis +   a - +1 rapier
rCold   . . .      Faith    .   (no shield)
rNeg    . . .      Spirit   .   b - +0 leather armour
rPois   .          Reflect  .   c - +0 helmet
rElec   .          Harm     .   (no cloak)
rCorr   .          Rampage  .   (no gloves)
Will    .....                   (no boots)
Stlth   +.........              (no amulet)
HPRegen 0.27/turn               (no ring)
MPRegen 0.08/turn               (no ring)

@: weak-willed, healing quickly
A: alive, fangs 3, see invisible, vampiric 1
a: Exsanguinate


You were on level 2 of the Dungeon.
You visited 1 branch of the dungeon, and saw 2 of its levels.

You collected 84 gold pieces.

Inventory:

Hand Weapons
 a - a +1 rapier (weapon)
Missiles
 d - 3 throwing nets
 h - 6 javelins (quivered)
 k - 16 bolts
 l - 8 poisoned darts
Armour
 b - a +0 leather armour (worn)
 c - a +0 helmet (worn)
Scrolls
 f - a scroll of vulnerability
Potions
 e - a potion of invisibility
 n - a potion of berserk rage {unknown}
 o - a potion of curing {unknown}


   Skills:
 + Level 2.0 Fighting
 + Level 3.8 Short Blades
 + Level 1.6 Throwing
 + Level 0.1 Armour
 + Level 3.8 Dodging


You had one spell level left.
You didn't know any spells.
Your spell library contained the following spells:

 Spells                   Type           Power      Damage    Failure   Level
 Ensorcelled Hibernation  Hex/Ice        0%         N/A       58%         2
 Tukima's Dance           Hex            0%         N/A       82%         3


Dungeon Overview and Level Annotations

Branches:
Dungeon (2/15)

Altars:

Annotations:
D:2 Crazy Yiuf


Innate Abilities, Weirdness & Mutations

Your natural rate of healing is accelerated.
You have razor-sharp teeth.
You have supernaturally acute eyesight. (SInv)
You are afflicted with vampirism.


Message History

Crazy Yiuf says, "Papa head broken!"
As you read the scroll labelled AVER YPEKEHUU, it crumbles to dust.
The scroll dissolves into smoke.
It was a scroll of fog.
As you read the scroll labelled IKLUATWA GEAR, it crumbles to dust.
It is a scroll of identify.
e - a potion of invisibility Crazy Yiuf grits, "Dawk mumblescurry sow!"
As you read the scroll labelled LETIUR ERGHUM, it crumbles to dust.
It is a scroll of enchant weapon.
Your +0 rapier glows red for a moment.
As you read the scroll labelled DUS RENI DEVA, it crumbles to dust.
It is a scroll of amnesia.
You feel forgetful for a moment.
Unknown command.
As you read the scroll labelled QUGGOADWAC, it crumbles to dust.
The air around you briefly surges with heat, but it dissipates.
It was a scroll of immolation.
Unknown command.
Okay, then.
Okay, then.
You open the door. You hit Crazy Yiuf.
Crazy Yiuf is moderately wounded.
Crazy Yiuf closely misses you.
You hit Crazy Yiuf.
Crazy Yiuf is heavily wounded.
Crazy Yiuf sings, "Trees, trees, trees, circus!"
Crazy Yiuf hits you with a +4 quarterstaff of chaos!
You barely miss Crazy Yiuf.
Crazy Yiuf is heavily wounded.
Crazy Yiuf barely misses you.
You hit Crazy Yiuf but do no damage.
Crazy Yiuf is heavily wounded.
Crazy Yiuf barely misses you.
You puncture Crazy Yiuf!
Crazy Yiuf is almost dead.
Crazy Yiuf hits you with a +4 quarterstaff of chaos!
* * * LOW HITPOINT WARNING * * *
You convulse!
You die...

# #.# ##.##..###.##
#..# #.#
##.#.#..##...## #>.#
####.#
#.###...#.....###<.#
..##.# ###
#########......#
...#.# #.####.#
...#.# ### #.# ...#.#
### #######.# ..##.#
#)..#♣♣ ♣♣♣#.......#
.###.#
#...g@♣♣♣♣P.....#####
.###.#
#...#♣§§♣......#....#
.....# ###
♣♣♣.♣.P#.#.###.#
.##### ♣♣♣♣♣##.## #.#
.# ### #.# .# ### ###
#.# ## ##.# #.# #.# #
#..# #.# #.# #.## #.#
##.#


You could see Crazy Yiuf.

Vanquished Creatures
  A ball python (D:1)
  3 bats
  5 endoplasms
  A giant cockroach (D:1)
  A goblin (D:1)
  3 hobgoblins (D:1)
  3 kobolds
  A frilled lizard (D:1)
  2 rats (D:1)
20 creatures vanquished.

Vanquished Creatures (others)
  3 fungi (D:2)
3 creatures vanquished.

Grand Total: 23 creatures vanquished

Notes
Turn   | Place    | Note
-------+----------+-------------------------------------------
     0 | D:1      | Tocho the Vampire Gladiator began the quest for the Orb.
     0 | D:1      | Reached XP level 1. HP: 16/16 MP: 1/1
   112 | D:1      | Reached XP level 2. HP: 13/22 MP: 2/2
  1230 | D:2      | Found a runed translucent door.
  1231 | D:2      | Noticed Crazy Yiuf
  1245 | D:2      | Slain by Crazy Yiuf

Illustrated notes

Levels and vault maps discovered:
D:1:      dpeg_arrival_pond, layout_basic
D:2:      layout_loops_ring, uniq_crazy_yiuf_cottage

Skill      XL: |  1  2 |
---------------+-------+-----
Fighting       | 2 |  2.0
Short Blades   | |  3.8
Throwing       | |  1.6
Armour         | |  0.1
Dodging        | |  3.8

Action                   || total
-------------------------++-------
Melee: Rapier            ||    61
       Bite              ||     7
Throw: Javelin           ||     7
  Use: Scroll            ||     6
Armor: Leather armour    ||    19
Dodge: Dodged            ||    45

Table legend: (Time is in decaauts)
 A = Elapsed time spent in this place.
 B = Non-inter-level travel time spent in this place.
 C = Inter-level travel time spent in this place.
 D = Time resting spent in this place.
 E = Time spent auto-exploring this place.
 F = Levels seen in this place.
 G = Mean time per level.
                   A        B        C        D        E       F      G
               +--------+--------+--------+--------+--------+-----+--------+
         Total |   1248 |   1182 |     66 |      0 |    967 |   2 |  624.0 |
       Dungeon |   1248 |   1182 |     66 |      0 |    967 |   2 |  624.0 |
               +--------+--------+--------+--------+--------+-----+--------+

Top non-repeatable levels by time:
     D:2: 739 daAuts
     D:1: 509 daAuts
